 Dungeon Crawl Stone Soup version 0.24-a0-580-g6a6c3f83c1 (webtiles) character file.

Game seed: 12998884197186789629

123 Hylith the Digger (level 5, -5/46 HPs)
             Began as a Gargoyle Earth Elementalist on Aug 21, 2019.
             Slain by Grinder (6 damage)
             ... on level 3 of the Dungeon on Aug 22, 2019.
             The game lasted 00:07:59 (2273 turns).

Hylith the Digger (Gargoyle Earth Elementalist)     Turns: 2273, Time: 00:08:00

Health: -5/46      AC: 22    Str: 11    XL:     5   Next: 7%
Magic:  1/9        EV:  2    Int: 20    God:
Gold:   77         SH:  0    Dex: 10    Spells: 9/10 levels left

rFire    + . .     SeeInvis .   k - +2 dagger (holy)
rCold    . . .     Gourm    .   (no shield)
rNeg     + + +     Faith    .   (armour currently unavailable)
rPois    ∞         Spirit   .   (helmet currently unavailable)
rElec    .         Reflect  .   (cloak currently unavailable)
rCorr    .         Harm     .   (gloves currently unavailable)
MR       .....     NoTele   +   (boots currently unavailable)
Stlth    ++........             (no amulet)
HPRegen  0.15/turn              l - ring of protection from fire
MPRegen  0.11/turn              p - +3 ring of intelligence

@: tree-form
A: negative energy resistance 1, petrification resistance, rot immunity, AC +4
a: no special abilities


You were on level 3 of the Dungeon.
You were not hungry.
You were a tree.
You visited 1 branch of the dungeon, and saw 3 of its levels.

You collected 77 gold pieces.

Inventory:

Hand Weapons
 g - a +0 whip
 k - a +2 dagger of holy wrath (weapon)
Missiles
 b - 61 stones (quivered)
Armour
 c - a +0 robe (melded)
 i - a +0 pair of boots (melded)
Jewellery
 l - a ring of protection from fire (left branch)
 p - a +3 ring of intelligence (right branch)
Scrolls
 a - a scroll of amnesia {unknown}
 f - a scroll of fog {unknown}
 n - a scroll of identify {unknown}
 o - 2 scrolls of blinking {unknown}
Potions
 h - a potion of might {unknown}
 j - a potion of degeneration {unknown}
Comestibles
 d - 3 rations
 m - 2 chunks of flesh


   Skills:
 + Level 2.4 Fighting
 - Level 2.0 Dodging
 - Level 2.1 Stealth
 + Level 3.0 Spellcasting
   Level 0.7 Transmutations
 + Level 4.8 Earth Magic


You had 9 spell levels left.
You knew the following spells:

 Your Spells              Type           Power        Failure   Level  Hunger
a - Sandblast             Erth           ###...       1%          1    None

Your spell library contained the following spells:

 Spells                   Type           Power        Failure   Level  Hunger
 Passwall                 Tmut/Erth      ##......     7%          2    ##.....
 Stone Arrow              Conj/Erth      ##....       16%         3    ###....
 Petrify                  Tmut/Erth      ##......     41%         4    ####...
 Lee's Rapid Deconstruct  Erth           ###.......   50%         5    ######.


Dungeon Overview and Level Annotations

Branches:
Dungeon (3/15)

Altars:
Ashenzari
Dithmenos
Fedhas
Okawaru
Ru
Uskayaw
Wu Jian
Xom

Annotations:
D:3 Grinder


Innate Abilities, Weirdness & Mutations

You are resistant to torment.
((Your stone body is resilient. (AC +4)))
You are immune to poison.
You resist negative energy. (rN+)
((You are resistant to electric shocks. (rElec)))
((You can survive without breathing.))
You are immune to petrification.
You are immune to rotting.


Message History

Grinder blinks!
Some of the chunks of flesh in your inventory have rotted away.
Casting: Sandblast (safe; 1% risk of failure)
Confirm with . or Enter, or press ? or * to list all spells.
You don't have enough magic to cast that spell.
Unknown command.
It was a potion of lignification.
You turn into a tree.
Your +0 pair of boots melds into your body.
Your +0 robe melds into your body.
Your roots penetrate the ground.
You barely miss Grinder.
Grinder is almost dead.
Grinder hits you but does no damage.
You closely miss Grinder.
Grinder is almost dead.
Grinder hits you.
* * * LOW HITPOINT WARNING * * *
You closely miss Grinder.
Grinder is almost dead.
Grinder hits you.
You die...

..... #.#.. ....##... #
....#..# # ..###.#.?..# .
#.....##†..# #. #.......#
#.# ##......## .#
#..#####......#...#
#..#....#.5♣...#
#........##.#..# #####
##..#..#.##......#
#....##.....##..#####...#
#...........##..# ...#
###. #.....#.#.......#
#.. #... ....#..#.####...
#. .##... ###.##.##.# ..
....... ....##....# #.#.#
l......


You could see Grinder.

Vanquished Creatures
  5 adders
  2 worms
  4 dart slugs
  A leopard gecko (D:1)
  A ball python (D:2)
  8 bats
  A giant cockroach (D:2)
  11 goblins
  3 hobgoblins
  6 jackals (D:1)
  6 kobolds
  2 quokkas
  6 frilled lizards
  9 rats
65 creatures vanquished.

Notes
Turn   | Place    | Note
-------+----------+-------------------------------------------
     0 | D:1      | Hylith the Gargoyle Earth Elementalist began the quest for
                  | the Orb.
     0 | D:1      | Reached XP level 1. HP: 10/10 MP: 3/3
    34 | D:1      | Reached XP level 2. HP: 9/16 MP: 0/5
   266 | D:1      | Reached skill level 1 in Fighting
   434 | D:1      | Reached skill level 4 in Earth Magic
   465 | D:1      | Reached XP level 3. HP: 14/20 MP: 3/6
  1138 | D:2      | Found a blossoming altar of Fedhas.
  1165 | D:2      | Found a hide-covered altar of Uskayaw.
  1225 | D:2      | Found an iron altar of Okawaru.
  1226 | D:2      | Found an ornate altar of the Wu Jian Council.
  1275 | D:2      | Reached XP level 4. HP: 14/26 MP: 7/7
  1430 | D:2      | Found a shadowy altar of Dithmenos.
  1762 | D:2      | Found a shimmering altar of Xom.
  1838 | D:2      | Found a sacrificial altar of Ru.
  2140 | D:3      | Found a shattered altar of Ashenzari.
  2251 | D:3      | Noticed Grinder
  2260 | D:3      | Reached XP level 5. HP: 8/31 MP: 2/9
  2272 | D:3      | HP: 1/46 [Grinder (6)]
  2273 | D:3      | Slain by Grinder

Levels and vault maps discovered:
D:1:      psy_arrival_terrarium, layout_rooms, hangedman_feature_mirror
D:2:      layout_basic, overflow_temple_1_default,
          lemuel_coloured_pillars_altar, eat_drink_and_be_merry_uskayaw,
          overflow_temple_1_default, chequers_temple_overflow_statue_of_worship,
          nicolae_ru_the_path_less_chosen
D:3:      layout_rooms, evilmike_ruin_ashenzari, nicolae_gozag_seed_capital,
          gup_sewer_entry_glass, uniq_grinder

Skill      XL: |  1  2  3  4 |
---------------+-------------+-----
Fighting       | 1 2 |  2.4
Earth Magic    | 4 |  4.8
Dodging        | 2 |  2.0
Spellcasting   | 3 |  3.0
Stealth        | |  2.1
Transmutations | |  0.7

Action                   |  1- 3 |  4- 6 || total
-------------------------+-------+-------++-------
Melee: Unarmed           |    34 |       ||    34
       Dagger            |   169 |   107 ||   276
       Club              |     1 |       ||     1
 Cast: Sandblast         |    11 |    13 ||    24
  Use: Potion            |       |     1 ||     1
 Stab: Sleeping          |     1 |     1 ||     2
  Eat: Chunk             |     2 |     3 ||     5
Armor: Robe              |    73 |    53 ||   126
       Skin              |       |     1 ||     1
Dodge: Dodged            |   138 |    96 ||   234

Table legend:
 A = Non-vault XP
 B = Vault XP
 C = Vault XP percentage of total XP
 D = Non-vault monster count
 E = Vault monster count
 F = Vault count percentage of total count
                 A         B        C        D         E       F
            +---------+---------+-------+---------+---------+-------
      Total |     165 |      12 |   6.8 |      59 |       6 |   9.2
            +---------+---------+-------+---------+---------+-------
        D:1 |      44 |      12 |  21.4 |      24 |       6 |  20.0
        D:2 |      52 |       0 |   0.0 |      22 |       0 |   0.0
        D:3 |      69 |       0 |   0.0 |      13 |       0 |   0.0
            +---------+---------+-------+---------+---------+-------
